Cogmind - Beta 13 @@@ ROGUE MODE // 2024.03.10 @ 16:18:28 Player: HeartGrenade Result: Destroyed by G8-5Z9(R) with Subdweller Machine Gun Performance ------------- Evolutions (0) 0 Regions Visited (2) 400 Robots Destroyed (30) 150 Value Destroyed (784) 784 Prototype IDs (2) 40 Alien Tech Used (0) 0 Bonus (0) 0 TOTAL SCORE: 1374 Bonus ------- None Cogmind --------- Core Integrity 0/250 Matter 300/300 Energy 200/200 System Corruption 0% Temperature Cool (0) Movement Treading (160) Location -10/Subcaves Parts ------- > --- POWER (1) -------- Subdweller Power Source > --- PROPULSION (2) --- Spiked Treads Spiked Treads > --- UTILITY (2) ------ Scrap Shield > --- WEAPON (2) ------- Subdweller Laser Battle Cannon > --- INVENTORY (5) ---- Compact Wheel Large Storage Unit Seismic Detector Subdweller Machine Gun Makeshift Axe Peak State ------------ > --- POWER ------------ Subdweller Power Source > --- PROPULSION ------- Spiked Treads Subdweller Monowheel > --- UTILITY ---------- Scrap Shield > --- WEAPON ----------- Subdweller Laser Battle Cannon > --- INVENTORY -------- Compact Wheel Large Storage Unit Seismic Detector Subdweller Machine Gun Makeshift Axe [Rating: 14] Favorites ----------- Power Subdweller Power Source Engine Subdweller Power Source Propulsion Aluminum Leg Treads Light Treads Leg Aluminum Leg Wheel Compact Wheel Utility Scrap Shield Device Structural Scanner Processor Targeting Computer Protection Scrap Shield Weapon Assault Rifle Energy Gun Subdweller Laser Energy Cannon Beam Cannon Ballistic Gun Assault Rifle Ballistic Cannon Battle Cannon Special Weapon Mining Laser Build | -11 -10 -10 ------- Run | Yrd Mat Sub Slots Evolved . | . . . Power . | . . . Propulsion . | . . . Utility . | . . . Weapon . | . . . Parts Attached 24 | 4 8 12 Power 2 | . . 2 Engine 2 | . . 2 Core . | . . . Reactor . | . . . Propulsion 8 | 2 2 4 Treads 4 | 2 . 2 Leg 2 | . 2 . Wheel 2 | . . 2 Hover . | . . . Flight . | . . . Utility 6 | . 3 3 Device 1 | . 1 . Storage . | . . . Processor 1 | . 1 . Hackware . | . . . Protection 4 | . 1 3 Artifact . | . . . Weapon 8 | 2 3 3 Energy Gun 1 | . . 1 Energy Cannon 1 | . . 1 Ballistic Gun 4 | 2 2 . Ballistic Cannon 1 | . . 1 Launcher . | . . . Special Weapon 1 | . 1 . Impact Weapon . | . . . Slashing Weapon . | . . . Piercing Weapon . | . . . Special Melee Weapon . | . . . Unidentified Prototypes . | . . . Parts Lost 7 | . 3 4 Power . | . . . Propulsion 2 | . 2 . Utility 2 | . . 2 Weapon 3 | . 1 2 Highest Loss Streak 2 | . 2 2 To Critical Strikes . | . . . Average Slot Usage (%) 84 | . 75 86 Engine 9 | . . 12 Treads 5 | . 14 3 Leg 20 | . 11 22 Wheel 1 | . . 2 Processor 5 | . 11 4 Protection 11 | . 6 13 Energy Gun 6 | . . 8 Energy Cannon 1 | . . 2 Ballistic Gun 10 | . 27 6 Ballistic Cannon 8 | . . 10 Naked Turns . | . . . Heaviest Build 30 | 3 7 30 Greatest Support 40 | 3 40 40 Greatest Overweight (x) 9 | . 1 9 Average Overweight (x) . | . . . Largest Inventory Capacity 5 | 5 5 5 Average Capacity 5 | 5 5 5 Most Carried 5 | . 5 5 Average Carried 4 | . 4 4 Final Capacity 5 | 5 5 5 Final Carried 5 | . 4 5 Class Distribution -------------------- 50% | Mutant 49% | Subdweller-Mutant Dominant Class ---------------- Mutant | -10/Materials Subdweller-Mutant | -10/Subcaves Resources | -11 -10 -10 ----------- Run | Yrd Mat Sub Matter Collected 1062 | 197 354 511 Remotely . | . . . Salvage Created 929 | . 553 376 Parts 62 | . 34 28 Haulers Intercepted 2 | . 2 . Recyclers Shooed 1 | . 1 . Parts Field Recycled . | . . . Retrieved Matter . | . . . Parts Self-Destructed 17 | . . 17 Prevented . | . . . Kills | -11 -10 -10 ------- Run | Yrd Mat Sub Combat Hostiles Destroyed 26 | . 12 14 Guns 19 | . 12 7 Cannons 7 | . . 7 Classes Destroyed 6 | . 5 1 Worker 1 | . 1 . Tunneler 1 | . 1 . Hauler 2 | . 2 . Swarmer 8 | . 3 5 Grunt 9 | . 9 . Subdweller 9 | . . 9 Best Kill Streak 2 | . 2 2 Combat Bots Only 2 | . 2 2 Max Kills in Single Turn 2 | . 2 1 Gunslinging . | . . . Exploded . | . . . Melee . | . . . Uniques/NPCs Destroyed . | . . . Combat | -11 -10 -10 -------- Run | Yrd Mat Sub Hostile Shots Fired 142 | . 56 86 Missed 36 | . 11 25 Damage Taken 1656 | . 519 1137 Core 250 | . 100 150 Absorbed by Shields . | . . . Core Remaining (%) 100 | 100 . . Volleys Fired 153 | . 59 94 Largest 2 | . 2 2 Hottest 100 | . 100 99 Shots Fired 261 | . 116 145 Gun 192 | . 115 77 Cannon 68 | . . 68 Launcher . | . . . Special 1 | . 1 . Kinetic 206 | . 115 91 Thermal 55 | . 1 54 Explosive . | . . . Electromagnetic . | . . . Robot Hit Streak 26 | . 11 26 Robot Miss Streak 4 | . 4 3 Penetration Max . | . . . Secondary Targets 1 | . . 1 Max Gunslinging Chain 1 | . . 1 Shots Hit Robots 162 | . 82 80 Core Hits 51 | . 31 20 Critical Kills 2 | . . 2 Critical Parts Destroyed 2 | . 1 1 Critical Strikes 5 | . 1 4 Destroy 4 | . 1 3 Blast 1 | . . 1 Melee Attacks . | . . . Impact . | . . . Slashing . | . . . Piercing . | . . . Sneak Attacks . | . . . Combat Hostiles . | . . . Follow-up Attacks . | . . . Damage Inflicted 2134 | . 909 1225 Guns 1599 | . 909 690 Cannons 535 | . . 535 Explosions . | . . . Melee . | . . . Ramming . | . . . Kinetic 1562 | . 909 653 Thermal 572 | . . 572 Explosive . | . . . Electromagnetic . | . . . Impact . | . . . Slashing . | . . . Piercing . | . . . Highest Corruption . | . . . Average Corruption . | . . . Corruption Purged . | . . . Corruption Blocked . | . . . Overload Shots . | . . . Overflow Damage . | . . . Projectiles . | . . . Explosions . | . . . Melee . | . . . Knockbacks 2 | . . 2 Impact . | . . . Kinetic 2 | . . 2 Secondary . | . . . Self-Inflicted Damage . | . . . Shots . | . . . Rammed 1 | . 1 . Targets Rammed 1 | . 1 . Kicked . | . . . Crushed . | . . . Highest Temperature 22 | . 22 . Average Temperature 4 | . 4 . Received Heat Transfer 333 | . 267 66 Siege Activations . | . . . Robots Corrupted . | . . . Combat Hostiles . | . . . Parts Fried . | . . . Impact Corruptions . | . . . Robots Melted . | . . . Combat Hostiles . | . . . Parts Melted . | . . . Heat Transferred 797 | . . 797 Parts Sabotaged . | . . . Parts Stolen . | . . . Parts Stripped . | . . . Power Chain Reactions . | . . . Alert | -11 -10 -10 ------- Run | Yrd Mat Sub Peak Influence 271 | . 271 . Initial . | . . . Average 107 | . 109 . Maximum Alert Level 1 | . 1 . Low Security (%) 86 | 100 86 . Level 1 13 | . 13 . Level 2 . | . . . Level 3 . | . . . Level 4 . | . . . Level 5 . | . . . High Security . | . . . Max Security . | . . . Squads Dispatched 2 | . 2 . Investigation 1 | . 1 . Extermination . | . . . Reinforcement 1 | . 1 . Assault . | . . . Garrison . | . . . Intercept . | . . . Searches Triggered . | . . . Construction Impeded . | . . . Haulers Reinforced . | . . . Active Scanning Responses . | . . . Cargo Convoy Interrupts . | . . . Stealth | -11 -10 -10 --------- Run | Yrd Mat Sub Distress Signals . | . . . Communications Jammed . | . . . Distress Signals . | . . . Times Spotted 51 | . 19 32 Peak Tracking Total 4 | . 4 4 Tactical Retreats 6 | . 3 3 Traps | -11 -10 -10 ------- Run | Yrd Mat Sub Traps Triggered 4 | . 1 3 Indirectly . | . . . Trap Hack Attempts . | . . . Triggered . | . . . Disarmed . | . . . Reprogrammed . | . . . Reused . | . . . Traps Extracted . | . . . Installed . | . . . Triggered . | . . . Machines | -11 -10 -10 ---------- Run | Yrd Mat Sub Machines Disabled . | . . . Max in Single Turn . | . . . Machines Repaired . | . . . Machines Dismantled . | . . . Machines Sabotaged . | . . . Overloaded Fab Kills . | . . . Hacking | -11 -10 -10 --------- Run | Yrd Mat Sub Machines Accessed 5 | . 4 1 Terminals 4 | . 4 . Fabricators . | . . . Repair Stations . | . . . Recycling Units . | . . . Scanalyzers . | . . . Garrison Access . | . . . Total Hacks 17 | . 14 3 Successful 8 | . 5 3 Failed 9 | . 9 . Catastrophic 1 | . 1 . Database Lockouts . | . . . Manual 13 | . 13 . Terminals 14 | . 14 . Fabricators . | . . . Repair Stations . | . . . Recycling Units . | . . . Scanalyzers . | . . . Garrison Access . | . . . Terminal Hacks 6 | . 3 3 Record 3 | . . 3 Robot Analysis 1 | . 1 . Prototype ID Bank 1 | . 1 . Maintenance Status 1 | . 1 . Fabricator Hacks . | . . . Repair Station Hacks . | . . . Recycling Unit Hacks . | . . . Scanalyzer . | . . . Garrison Access Hacks . | . . . Unauthorized Hacks 2 | . 2 . Terminals 2 | . 2 . Assimilate 2 | . 2 . Fabricators . | . . . Repair Stations . | . . . Recycling Units . | . . . Scanalyzers . | . . . Garrison Access . | . . . Data Cores Recovered . | . . . Used . | . . . Hacking Detections 4 | . 4 . Full Trace Events . | . . . Feedback Events . | . . . Feedback Blocked . | . . . Robot Schematics Acquired . | . . . Robots Built . | . . . Authchips . | . . . Time . | . . . Total Robot Build Rating . | . . . Part Schematics Acquired . | . . . Parts Built . | . . . Authchips . | . . . Time . | . . . Total Part Build Rating . | . . . Parts Repaired . | . . . Time . | . . . Parts Recycled . | . . . Recycled Matter . | . . . Retrieved Matter . | . . . Retrieved Components . | . . . Parts Scanalyzed . | . . . Part Schematics Acquired . | . . . Parts Damaged . | . . . Bothacking | -11 -10 -10 ------------ Run | Yrd Mat Sub Used RIF Installer . | . . . Robots Hacked . | . . . Non-combat . | . . . Combat . | . . . Robot Hacks Applied . | . . . Relay Couplers Released . | . . . Fabnet Peak Effective % . | . . . Robots Rewired . | . . . Allies Hacked . | . . . Hacks Repelled . | . . . Allies | -11 -10 -10 -------- Run | Yrd Mat Sub Total Allies . | . . . Largest Group . | . . . Highest-Rated Group . | . . . Highest-Rated Ally . | . . . Total Orders . | . . . Ally Attacks . | . . . Total Damage . | . . . Kills . | . . . Allies Corrupted . | . . . Allies Melted . | . . . Intel | -11 -10 -10 ------- Run | Yrd Mat Sub Robot Analysis Total 1 | . 1 . Derelict Logs Recovered 1 | . . 1 Drone Launches . | . . . Drone Recoveries . | . . . Exploration | -11 -10 -10 ------------- Run | Yrd Mat Sub Turns Passed 4824 | 23 1053 3748 Spaces Moved 2877 | 35 568 2274 Core 176 | 35 140 1 Treads 279 | . 208 71 Legs 1959 | . 220 1739 Wheels 463 | . . 463 Hover . | . . . Flight . | . . . Fastest Speed 50 | 50 50 115 Average Speed 143 | 50 117 150 Slowest Speed 500 | 50 160 500 Overloaded Moves . | . . . Propulsion Burnouts . | . . . Robots Hopped . | . . . Cave-ins Triggered . | . . . Exploration Rate (%) 54 | 4 73 85 Regions Visited 2 Branch Regions 1 Pre-discovered Areas 2 | . . 2 Known Exits Taken . | . . . Unknown Exits Taken 2 | 1 1 . Scrap Searched 12 | . . 12 Spaces Dug 6 | . 1 5 Terrain Destroyed 6 | . 1 5 Melee . | . . . Projectile 6 | . 1 5 AOE . | . . . Terrain Rammed . | . . . Walls Destroyed . | . . . Machines Disabled . | . . . Actions | -11 -10 -10 --------- Run | Yrd Mat Sub Total 3322 | 38 841 2443 Wait 231 | . 193 38 Move 2875 | 34 567 2274 Hop . | . . . Pick Up 16 | . 9 7 Fast Attach 15 | 4 4 7 Attach 7 | . 3 4 Detach 2 | . . 2 Swap 2 | . 1 1 Drop 13 | . 4 9 Fire 153 | . 59 94 Melee . | . . . Ram . | . . . Kick . | . . . Crush 1 | . 1 . Escape Stasis . | . . . Rewire . | . . . Trap . | . . . Miscellaneous 7 | . . 7 Route ------- -11/Scrapyard -10/Materials (discovered 4 exits: [*Mat] / [*Min x2] / *Sub) -10/Subcaves (discovered 3 exits: [*Mat x2] / [*Rec]) History --------- Turn | Location | Event 10 | -11/Scrapyard | Discovered new exit (range 15) 24 | -11/Scrapyard | Entered Materials 171 | -10/Materials | Discovered new exit (range 5) 318 | -10/Materials | Build established: Mutant 438 | -10/Materials | Discovered new exit (range 8) 604 | -10/Materials | Discovered new exit (range 5) 604 | -10/Materials | Discovered new exit (range 14) 1077 | -10/Materials | Entered Subcaves 1119 | -10/Subcaves | Learned location of Storage (-9) 1450 | -10/Subcaves | Shifting Twisted Machinery released Battle Rifle 1453 | -10/Subcaves | Shifting Twisted Machinery released Scrap Shield 1489 | -10/Subcaves | Discovered new exit (range 15) 1503 | -10/Subcaves | Core integrity fell below 50% 1806 | -10/Subcaves | Discovered new exit (range 5) 1987 | -10/Subcaves | Shifting Twisted Machinery released Battle Cannon 1993 | -10/Subcaves | Shifting Twisted Machinery released Sub. Power Source 2047 | -10/Subcaves | Core integrity fell below 20% 2357 | -10/Subcaves | Visited Clippyterm 2363 | -10/Subcaves | Learned location of Deep Caves (-6) 2437 | -10/Subcaves | Shifting Twisted Machinery released Sub. Laser 2483 | -10/Subcaves | Shifting Twisted Machinery released Mak. Spear 2759 | -10/Subcaves | Build established: Subdweller-Mutant 3871 | -10/Subcaves | Disturbed a concealed Subdweller 4659 | -10/Subcaves | Discovered new exit (range 10) 4825 | -10/Subcaves | Destroyed by G8-5Z9(R) with Subdweller Machine Gun Last Messages --------------- 04735_ Found Spk. Treads. 04735_ Found 30 Matter. 04736_ Dropped Sub. Monowheel. 04742_ Acquired Spk. Treads. 04745_ Acquired 6 matter. 04746_ Acquired 4 matter. 04769_ Searching scrap... 04769_ Found Riot Gun. 04769_ Found Battle Rifle. 04769_ Found 10 Matter. 04775_ Searching scrap... 04775_ Found Riot Gun. 04775_ Found 24 Matter. 04783_ Searching scrap... 04783_ Found Mak. Leg. 04783_ Found 13 Matter. 04785_ Searching scrap... 04785_ Found Sub. Monowheel. 04785_ Found 29 Matter. 04794_ Scrap Shield Fragment affixed to Scrap Shield (+37). Map ----- +----------------------------------------------------+ | ???????????????????????????????????????????? | | ???????????????????????????????????????????? | | ???????????????????????????????????????????? | | ???????????????????????????????????????????? | | ???????????????????????????????????????????? | | ???????????????????????????????????????????? | | ???????????????????????????????????????????? | | ???????????????????????????????????????????? | | ???????????????????????????????????????????? | | ???????????????????????????????????????????? | | ???????????????????????????????????????????? | | ???????????????????????????????????????????? | | ???????????????????????????????????????????? | | ???????????????????????????????????????????? | | ???????????????????????????????????????????? | | ???????????????????????????????????????????? | | ???????????????????????????????????????????? | | ???????????????????????????????????????????? | | ?????????????????????????????#?????????????? | | ????????????????????????##?? #?????????????? | | ?????????????????####?? ## #?????????????? | | ????????????????## #?? ## ?????????? | | ????????????????? #? ?????????? | | ?????####?####???# ## #????????? | | ????##[%###" ###?# ????????? | | ????# *&"# "### @ ????????? | | ????#% %"# "## ????????? | | ????##"[%# ###< ## ????????? | | ?????##= # #<< ##?? R ????????? | | ??????##### # #??#?## ?????????? | | ????### ?# #&[ #?? ##? ??????????? | | ????#"" ### #%&#< #?? ## ??????????? | | ????#""&[%# ## ## ##? ??????????? | | ????#" " # ### ??????????? | | ????#" # "## ## ?????????? | | ????#"= #[ ## #?? #????????????? | | ????#%= ""#%[ "### #? ##???????????? | | ????##% "###" ### ##? #???????????? | | ?????#####?##### #### #???????????? | | ???????????????## ##% # #????????????? | | ????????????????##### #?????????????? | | ????????????????????# ##?????????????? | | ????????????????????# % ###????????????? | | ????????????????????# #????????????? | | ????????????????????## ###????????????? | | ????????????????????##% ##??????????????? | | ????????????????????# < ###?????????????? | | ???????????????????## ###???????????? | | ???????????????????# #???????????? | | ???????????????????## ## #???????????? | +----------------------------------------------------+ Best States ------------- Heat Dissipation 25 Energy Generation 15 Energy Capacity 200 Matter Stores 300 Matter Capacity 300 Sight Range 16 Terrain Scan Density 10 Armor Coverage 800 Evasion (%) 55 Targeting Accuracy 5 Recoil Reduction 2 Item Schematics ----------------- None Robot Schematics ------------------ None Fabricated ------------ Nothing Alien Tech Used ----------------- None Achievements -------------- None Challenges ------------ None Game ------ Seed BlastProjectionAccelerator Manual? 0 Play Time 00:27:23 Cumulative 345.6 hours Start 2024.03.10 @ 15:53:51 End 2024.03.10 @ 16:18:28 Sessions 1 Manual Loads 0 Difficulty Rogue Special Mode None Game No. 146 Rogue 146 Adventurer 0 Explorer 0 Win Type - Total 16 Types 5/2/5/1/1/0/1/1/0 Lore% 84 Gallery% 83 Achievement% 72 Wizard Run 0 Options --------- Layout 0 ASCII 0 Keyboard 1 Movement Numpad Keybinds 0 Fullscreen 2 Font 18/X11 Map View 76x50 Zoom Use 0% Tactical HUD 1 Map Filters NONE Filters NONE Steam 1 RUN: 50eb1a1e-9d9e-4efc-b5fa-8dff76fc7ab3